AoeStats
← Erickinio

Pilgrims

508376835Analyzed
2v2 RM · 10d ago on Sep 22, 2026· 38m 42s· 4 players
Game mode
Random Map
Map size
Medium (4 player)
Population
200
Speed
Normal
Resources
Standard
Victory
Conquest
Starting age
Dark Age
Ending age
Imperial Age
RankedLock teamsTeams togetherTeam positionsShared explorationLock speedFull tech treeHidden civsTurbo modeCheats
Victory
Defeat
🇺🇸 Poles · United States
871
+10
🇦🇷 Celts · Argentina
785
+12
🇵🇪 Teutons · Peru
723
-11
🇵🇪 Burgundians · Peru
711
-11
Hanno
11:34 Loom
13:23 Feudal Age
14:23 Stone Mining
16:24 Double-Bit Axe
19:22 Castle Age
18:01 Forging
17:57 Scale Barding Armor
19:21 Bloodlines
19:16 Fishing Lines
20:43 Stone Shaft Mining
21:05 Gillnets
21:30 Bow Saw
22:07 Iron Casting
21:41 Light Cavalry
22:22 Husbandry
23:33 Fletching
24:49 Wheelbarrow
26:00 Bodkin Arrow
26:26 Chain Barding Armor
27:29 Ballistics
27:39 Horse Collar
28:40 Hand Cart
28:10 Town Watch
28:53 Hand Cart
28:24 Town Watch
28:55 Masonry
29:20 Murder Holes
34:55 Imperial Age
34:18 Treadmill Crane
36:01 Conscription
35:11 Winged Hussar
37:00 Blast Furnace
36:00 Bracer
36:37 Lechitic Legacy
37:50 Gold Mining
38:24 Heavy Plow
39:46 Chemistry
Erickinio
7:54 Loom
14:30 Feudal Age
15:08 Double-Bit Axe
16:32 Man-at-Arms
16:58 Arson
19:33 Forging
19:28 Scale Mail Armor
22:19 Horse Collar
26:59 Gold Mining
29:24 Castle Age
28:52 Wheelbarrow
28:15 Stone Mining
30:55 Bow Saw
31:32 Gold Shaft Mining
31:33 Stone Shaft Mining
30:25 Pikeman
30:52 Gambesons
34:10 Chain Mail Armor
34:20 Long Swordsman
38:27 Treadmill Crane
38:44 Murder Holes
恋MrBlackr愛
11:16 Fishing Lines
17:19 Feudal Age
29:25 Scale Mail Armor
34:51 Castle Age
32:36 Horse Collar
32:44 Double-Bit Axe
32:53 Gillnets
37:49 Scale Barding Armor
37:55 Forging
Quesito2k
13:08 Feudal Age
11:26 Loom
14:15 Double-Bit Axe
14:13 Horse Collar
19:56 Castle Age
29:20 Wheelbarrow
29:07 Forging
28:57 Scale Mail Armor
30:58 Gold Mining
30:59 Stone Mining
31:13 Heavy Plow
31:28 Bow Saw
34:39 Imperial Age
35:52 Iron Casting
35:32 Chain Mail Armor
34:56 Capped Ram
Connection lost

Rejoining the realm…

Still unreachable

The connection could not be restored.

Session expired

The server has moved on; the page needs a fresh start.